 Dungeon Sprint DCSS version 0.27.1-1-g398f81649c (webtiles) character file.

Game seed: 4543815597166573862

6884 styxcanada the Imperceptible (level 10, -11/53 HPs)
             Began as a Spriggan Brigand on Sept 16, 2021.
             Was an Initiate of Gozag.
             Mangled by a spriggan berserker (34 damage)
             ... in the Dungeon (Sprint IV: "Fedhas' Mad Dash").
             The game lasted 00:09:48 (1470 turns).

styxcanada the Imperceptible (Spriggan Brigand)     Turns: 1470, Time: 00:09:49

Health: -11/53     AC:  3    Str:  7    XL:     10   Next: 79%
Magic:  20/22      EV: 25    Int: 12    God:    Gozag
Gold:   1590       SH:  6    Dex: 21    Spells: 16/24 levels left

rFire    . . .     SeeInvis +   a - +2 dagger
rCold    . . .     Faith    .   w - +0 buckler
rNeg     . . .     Spirit   .   b - +0 robe
rPois    .         Reflect  .   (helmet restricted)
rElec    .         Harm     .   c - +0 cloak
rCorr    .         Rampage  .   (gloves unavailable)
Will     +....     NoTele   +   (boots unavailable)
Stlth    ++++++++..             m - amulet of invisibility {+Inv}
HPRegen  0.17/turn              (no ring)
MPRegen  0.18/turn              (no ring)

@: slightly contaminated, invisible, very quick
A: very small, no large weapons, unfitting armour, see invisible, speed 3
a: Renounce Religion, Evoke Invisibility, Potion Petition, Call Merchant, Bribe
Branch


You were in the Dungeon.
You worshipped Gozag.
Gozag was most pleased with you.
You visited 1 branch You collected 2188 gold pieces.
You spent 598 gold pieces at shops.

Inventory:

Hand Weapons
 a - a +2 dagger (weapon)
 u - a +0 hunting sling
Missiles
 d - 6 poisoned darts (quivered)
 e - 2 curare-tipped darts
 r - 3 boomerangs
Armour
 b - a +0 robe (worn)
 c - a +0 cloak (worn)
 w - a +0 buckler (worn)
Jewellery
 m - the amulet of invisibility (around neck) {+Inv}
   (You found it in the Dungeon)

   [amulet of nothing]

   +Inv:      It lets you turn invisible.
 t - an amulet of the acrobat
Wands
 p - a wand of flame (15)
 v - a wand of mindburst (16)
Scrolls
 k - a scroll of blinking
 n - a scroll of fear {unknown}
 o - a scroll of enchant armour
Potions
 f - 2 potions of curing
 g - a potion of heal wounds
 h - a potion of haste
 i - 2 potions of magic
 j - a potion of berserk rage
 l - a potion of mutation
Miscellaneous
 q - a piece from Xom's chessboard (15/15)
 s - a tin of tremorstones (2/2)


   Skills:
 * Level 6.3 Fighting
 + Level 5.2 Short Blades
 + Level 6.4 Throwing
 * Level 10.3 Dodging
 * Level 22.3 Stealth
 * Level 1.2 Shields
 * Level 7.9 Spellcasting
 * Level 6.3 Hexes
 * Level 8.2 Transmutations
 * Level 5.7 Air Magic
 * Level 6.2 Poison Magic
 * Level 11.2 Evocations


You had 16 spell levels left.
You knew the following spells:

 Your Spells              Type           Power      Damage    Failure   Level
a - Sting                 Tmut/Pois      88%        1d7       1%          1
b - Poisonous Vapours     Pois/Air       38%        N/A       3%          2
c - Slow                  Hex            20%        N/A       2%          2
d - Confusing Touch       Hex            20%        N/A       4%          3

Your spell library contained the following spells:

 Spells                   Type           Power      Damage    Failure   Level
 Olgreb's Toxic Radiance  Pois           19%        N/A       17%         4
 Yara's Violent Unravell  Hex/Tmut       11%        3d6       30%         5
 Gell's Gravitas          Tloc           2%         N/A       56%         3
 Lesser Beckoning         Tloc           2%         N/A       56%         3
 Teleport Other           Tloc           4%         N/A       56%         3


Dungeon Overview and Level Annotations

Branches:
Dungeon (1/1)

Altars:
Cheibriados
Dithmenos
Elyvilon
Gozag
Hepliaklqana
Kikubaaqudgha
Makhleb
Nemelex Xobeh
Okawaru
Qazlal
Ru
Sif Muna
Trog
Uskayaw
Vehumet
Wu Jian
Xom
Yredelemnul
Zin
The Shining One
Beogh
Jiyva
Lugonu

Shops:
D =:(=:[([


Innate Abilities, Weirdness & Mutations

You are very small and have problems with some larger weapons.
You are too small for most types of armour.
You have supernaturally acute eyesight. (SInv)
You cover ground extremely quickly. (Speed+++)


Message History

Cast which spell? (? or * to list)
Aiming: Slow (safe; 2% risk of failure)
Press: ? - help, Shift-Dir - straight line, f - spriggan berserker
Aim: a spriggan berserker, wielding a +0 hand axe and wearing a +0 animal skin (regenerating, strong-willed, chance to affect: 0%)
Okay, then.
Okay, then.
Casting: Slow (safe; 2% risk of failure)
Confirm with . or Enter, or press ? or * to list all spells.
Aiming: Poisonous Vapours (safe; 3% risk of failure)
Press: ? - help, Dir - move target, f - spriggan berserker
Aim: a spriggan berserker, wielding a +0 hand axe and wearing a +0 animal skin (regenerating, strong-willed) Poisonous vapours surround the spriggan berserker!
The spriggan berserker is poisoned.
The spriggan berserker hits you with a +0 hand axe!!
The spriggan berserker utters an invocation to Trog.
The spriggan berserker goes berserk!
The spriggan berserker hits you with a +0 hand axe!
There is an open door here.
The spriggan berserker rages.
There is an open door here.
The spriggan berserker barely misses you.
The spriggan berserker is distracted by your dazzling golden aura.
There is an open door here.
You hear a shout!
You are lightly contaminated with residual magic.
You block the spriggan berserker's attack.
There is an open door here.
You block the spriggan berserker's attack.
You hear a shout!
Casting: Poisonous Vapours (safe; 3% risk of failure)
Confirm with . or Enter, or press ? or * to list all spells.
Aiming: Poisonous Vapours (safe; 3% risk of failure)
Press: ? - help, Dir - move target, f/p - spriggan berserker
Aim: a spriggan berserker, wielding a +0 hand axe and wearing a +0 animal skin (berserk, regenerating, strong-willed) Poisonous vapours surround the spriggan berserker!
The spriggan berserker is poisoned.
The spriggan berserker hits you with a +0 hand axe!!
Ouch! That really hurt!
You die...
Your body crumbles into a pile of gold.

#################################
.#.....#.....#.⌠._._._._.⌠.#.('..
.'.....'.#[.)'.._._._._._..'..#..
P#.....#.#...#..._._._._...#..###
###########'##.._._._._._..#..##∩
♣........'...#._._._._._.⌠.######
...♣.....#...###################.
..♣..♣..######♣♣♣♣♣..♣.###.'..'..
###'######..'...@i.♣.i♣##..#..#.P
....'.......#♣..♣♣♣.♣).###.##'##.
..###.......#.♣♣..♣..i♣'...#♣.♣##
### ########################.....
###..♣..♣. ####...♣.....
.........♣.$.. ..############


You could see a spriggan berserker (berserk, regenerating, strong-willed, very
poisoned).

Vanquished Creatures
  Agnes (D)
  A spriggan druid (D)
  6 oklob plants (D)
  3 burning bushes (D)
  A demonic crawler (D)
  A queen bee (D)
  3 wandering mushrooms (D)
  A hornet (D)
  3 scorpions (D)
  4 killer bees (D)
  5 oklob saplings (D)
  5 spriggans (D)
  A river rat (D)
  A rat (D)
  A ballistomycete spore (D)
37 creatures vanquished.

Vanquished Creatures (others)
  A fungus (D)
1 creature vanquished.

Grand Total: 38 creatures vanquished

Notes
Turn   | Place    | Note
-------+----------+-------------------------------------------
     0 | D        | styxcanada the Spriggan Brigand began the quest for the
                  | Orb.
     0 | D        | Reached XP level 1. HP: 10/10 MP: 2/2
    22 | D        | Reached skill level 7 in Stealth
    22 | D        | Reached XP level 2. HP: 11/15 MP: 3/3
    32 | D        | Reached skill level 8 in Stealth
   111 | D        | Noticed an oklob sapling
   113 | D        | Killed an oklob sapling
   114 | D        | Reached skill level 9 in Stealth
   114 | D        | Reached XP level 3. HP: 18/18 MP: 4/4
   115 | D        | Noticed a scorpion
   115 | D        | Found the amulet of invisibility {+Inv}
   117 | D        | Killed a scorpion
   118 | D        | Reached skill level 12 in Stealth
   118 | D        | Reached XP level 4. HP: 23/23 MP: 5/5
   138 | D        | Found an opulent altar of Gozag.
   138 | D        | Found a hazy altar of Hepliaklqana.
   138 | D        | Found a burning altar of Makhleb.
   138 | D        | Found a sparkling altar of Nemelex Xobeh.
   138 | D        | Found a snail-covered altar of Cheibriados.
   138 | D        | Found a sacrificial altar of Ru.
   138 | D        | Found a shimmering blue altar of Sif Muna.
   138 | D        | Found a shimmering altar of Xom.
   138 | D        | Found a basalt altar of Yredelemnul.
   139 | D        | Found a viscous altar of Jiyva.
   139 | D        | Found a bloodstained altar of Trog.
   139 | D        | Found an ornate altar of the Wu Jian Council.
   140 | D        | Found an iron altar of Okawaru.
   140 | D        | Found a shadowy altar of Dithmenos.
   140 | D        | Found a glowing silver altar of Zin.
   141 | D        | Found an ancient bone altar of Kikubaaqudgha.
   141 | D        | Found a hide-covered altar of Uskayaw.
   142 | D        | Found a stormy altar of Qazlal.
   142 | D        | Found a white marble altar of Elyvilon.
   142 | D        | Found a glowing golden altar of the Shining One.
   143 | D        | Became a worshipper of Gozag Ym Sagoz the Greedy
   144 | D        | Found a corrupted altar of Lugonu.
   144 | D        | Found a radiant altar of Vehumet.
   148 | D        | Reached skill level 13 in Stealth
   148 | D        | Reached XP level 5. HP: 28/28 MP: 3/6
   196 | D        | Reached skill level 5 in Dodging
   196 | D        | Reached skill level 1 in Evocations
   232 | D        | Reached skill level 14 in Stealth
   348 | D        | Reached skill level 15 in Stealth
   348 | D        | Reached XP level 6. HP: 23/33 MP: 7/7
   578 | D        | Found Ciqa's Book Shop.
   578 | D        | Found Eqipp's Jewellery Emporium.
   585 | D        | Bought a Young Poisoner's Handbook for 260 gold pieces
   587 | D        | Learned a level 1 spell: Sting
   590 | D        | Learned a level 2 spell: Poisonous Vapours
   592 | D        | Noticed a burning bush
   592 | D        | Noticed a wandering mushroom
   593 | D        | Noticed a wandering mushroom
   596 | D        | Killed a burning bush
   597 | D        | Reached skill level 16 in Stealth
   597 | D        | Reached skill level 1 in Air Magic
   597 | D        | Reached skill level 1 in Poison Magic
   597 | D        | Reached XP level 7. HP: 37/37 MP: 5/11
   597 | D        | Killed a wandering mushroom
   598 | D        | Reached skill level 5 in Throwing
   598 | D        | Reached skill level 17 in Stealth
   598 | D        | Killed a wandering mushroom
   599 | D        | Reached skill level 5 in Evocations
   613 | D        | Found Ydeiz's Antique Armour Emporium.
   613 | D        | Found Xaod's Book Shoppe.
   619 | D        | Bought a book of Misfortune for 338 gold pieces
   624 | D        | Learned a level 2 spell: Slow
   628 | D        | Learned a level 3 spell: Confusing Touch
   698 | D        | Reached XP level 8. HP: 42/42 MP: 12/15
   704 | D        | Noticed a queen bee
   711 | D        | Killed a queen bee
   712 | D        | Reached skill level 18 in Stealth
   712 | D        | Reached skill level 1 in Hexes
   768 | D        | Noticed an oklob plant
   771 | D        | Killed an oklob plant
   772 | D        | Reached skill level 5 in Fighting
   772 | D        | Reached skill level 5 in Spellcasting
   772 | D        | Reached skill level 5 in Transmutations
   784 | D        | Noticed a burning bush
   787 | D        | Killed a burning bush
   788 | D        | Reached skill level 19 in Stealth
   788 | D        | Reached XP level 9. HP: 47/47 MP: 16/18
   844 | D        | Noticed a burning bush
   844 | D        | Noticed an oklob plant
   845 | D        | Noticed a wandering mushroom
   846 | D        | Killed a burning bush
   851 | D        | Killed an oklob plant
   854 | D        | Killed a wandering mushroom
   855 | D        | Reached skill level 20 in Stealth
   919 | D        | Noticed a spriggan druid
   921 | D        | Killed a spriggan druid
   922 | D        | Reached skill level 5 in Poison Magic
   973 | D        | Noticed an oklob plant conjurer
   974 | D        | Killed an oklob plant conjurer
  1045 | D        | Noticed an oklob plant
  1045 | D        | Noticed an oklob plant summoner
  1046 | D        | Noticed an oklob plant shifter
  1050 | D        | Killed an oklob plant
  1051 | D        | Reached skill level 5 in Hexes
  1051 | D        | Reached skill level 5 in Air Magic
  1051 | D        | Reached XP level 10. HP: 53/53 MP: 18/21
  1052 | D        | Killed an oklob plant summoner
  1053 | D        | Reached skill level 21 in Stealth
  1055 | D        | Killed an oklob plant shifter
  1076 | D        | Reached skill level 10 in Evocations
  1194 | D        | Noticed a spriggan rider
  1195 | D        | Found Plog's Weapon Emporium.
  1211 | D        | Found Jyloedoa's Armour Shoppe.
  1435 | D        | Noticed Agnes
  1437 | D        | Found Educzat's Antique Weapon Emporium.
  1437 | D        | Noticed a spriggan berserker
  1439 | D        | Found Samemn's Jewellery Shoppe.
  1441 | D        | Killed Agnes
  1442 | D        | Reached skill level 5 in Short Blades
  1442 | D        | Reached skill level 10 in Dodging
  1442 | D        | Reached skill level 22 in Stealth
  1442 | D        | Reached skill level 1 in Shields
  1470 | D        | Mangled by a spriggan berserker

Illustrated notes

Levels and vault maps discovered:
D:        dungeon_sprint_fedhas [sprint_temple]

Skill      XL: |  1  2  3  4  5  6  7  8  9 10 |
---------------+-------------------------------+-----
Dodging        | 2 3 4 6 7 8 9 10 | 10.3
Stealth        | 7 9 12 13 15 16 17 19 20 22 | 22.3
Fighting       | 2 3 4 5 6 |  6.3
Throwing       | 3 4 5 6 |  6.4
Short Blades   | 3 4 5 |  5.2
Evocations     | 1 3 5 7 9 11 | 11.2
Spellcasting   | 2 4 5 6 7 |  7.9
Transmutations | 2 4 5 7 8 |  8.2
Air Magic      | 1 2 3 5 |  5.7
Poison Magic   | 1 3 4 5 6 |  6.2
Hexes          | 3 5 6 |  6.3
Shields        | 1 |  1.2

Action                   |  1- 3 |  4- 6 |  7- 9 | 10-12 || total
-------------------------+-------+-------+-------+-------++-------
Melee: Dagger            |     3 |     6 |    19 |     5 ||    33
Throw: Dart              |     9 |    13 |       |       ||    22
 Cast: Poisonous Vapours |       |       |       |     2 ||     2
 Abil: Evoke Invisibilit |       |     3 |     6 |     2 ||    11
Evoke: Tin of tremorston |       |       |       |     1 ||     1
  Use: Scroll            |       |       |     2 |       ||     2
 Stab: Sleeping          |     2 |     3 |    19 |     4 ||    28
Dodge: Dodged            |     2 |     7 |       |     2 ||    11
Block: Buckler           |       |       |       |     2 ||     2
